 Dungeon Crawl Stone Soup version 0.28.0 (webtiles) character file.

Game seed: 17434507572291269550

25 RighteousDevil the Chiller (level 2, 0/23 HPs)
             Began as a Palentonga Ice Elementalist on Feb 9, 2022.
             Was a Follower of Zin.
             Slain by a quokka (3 damage)
             ... on level 2 of the Dungeon.
             The game lasted 00:02:27 (1209 turns).

RighteousDevil the Chiller (PaIE)                   Turns: 1209, Time: 00:02:28

Health: 0/23       AC:  4    Str: 11    XL:     2   Next: 86%
Magic:  4/5        EV:  9    Int: 15    God:    Zin [*.....]
Gold:   47         SH:  0    Dex: 10    Spells: 4/5 levels left

rFire   . . .      SeeInvis +   b - +0 short sword
rCold   . . .      Faith    .   (no shield)
rNeg    . . .      Spirit   .   a - +0 robe
rPois   .          Reflect  .   (no helmet)
rElec   .          Harm     .   (no cloak)
rCorr   .          Rampage  .   (no gloves)
Will    .....                   (no barding)
Stlth   +.........              (no amulet)
HPRegen 0.07/turn               (no ring)
MPRegen 0.09/turn               (no ring)

@: no status effects
A: large, rugged brown scales 3, see invisible, deformed body, roll 1, armoured
tail
a: Rolling Charge, Renounce Religion, Recite, Donate Gold


You were on level 2 of the Dungeon.
You worshipped Zin.
Zin was aware of your devotion.
You visited 1 branch of the dungeon, and saw 2 of its levels.

You collected 52 gold pieces.
You donated 5 gold pieces to Zin.

Inventory:

Hand Weapons
 b - a +0 short sword (weapon)
Armour
 a - a +0 robe (worn)
Jewellery
 d - a +4 ring of protection
 f - a ring of protection from fire
Scrolls
 g - a scroll of identify
Potions
 c - a potion of resistance


   Skills:
 + Level 1.9 Fighting
 + Level 1.4 Short Blades
 - Level 1.5 Dodging
 - Level 1.2 Stealth
 - Level 2.0 Spellcasting
 - Level 3.2 Ice Magic
 + Level 0.0 Invocations


You had 4 spell levels left.
You knew the following spells:

 Your Spells              Type           Power      Damage    Failure   Level
a - Freeze                Ice            44%        1d6       6%          1

Your spell library contained the following spells:

 Spells                   Type           Power      Damage    Failure   Level
 Frozen Ramparts          Ice            22%        1d4       17%         3
 Ozocubu's Armour         Ice            11%        N/A       17%         3
 Hailstorm                Conj/Ice       6%         3d4       75%         4


Dungeon Overview and Level Annotations

Branches:
Dungeon (2/15)

Altars:
Zin


Innate Abilities, Weirdness & Mutations

You are completely covered in rugged brown scales. (AC +3, +7% HP)
You have supernaturally acute eyesight. (SInv)
Armour fits poorly on your strangely shaped body.
You can roll at nearby foes to attack.
You have a long armoured tail.


Message History

No target in view!
No target in view!
No target in view!
No target in view!
No target in view!
A quokka comes into view.
A kobold comes into view. It is wielding a +0 short sword.
The kobold shouts!
The quokka bites you. The quokka barely misses you.
You barely miss the quokka.
Your tail-slap misses the quokka.
The quokka bites you.
You barely miss the quokka.
You tail-slap the quokka, but do no damage.
The quokka misses you.
You barely miss the quokka. The quokka bites you.
You hit the quokka.
The quokka is lightly wounded.
The quokka misses you.
You hit the quokka but do no damage.
The quokka is lightly wounded.
The quokka bites you but does no damage.
The quokka bites you.
You hit the quokka.
The quokka is moderately wounded.
An endoplasm comes into view.
The kobold hits you with a +0 short sword.
The quokka bites you but does no damage.
You are too injured to fight recklessly!
You are too injured to fight recklessly!
You are too injured to fight recklessly!
Aiming: Freeze (safe; 6% risk of failure)
Press: ? - help, Q - select action, (/) - cycle Shift-Dir - straight line, f - quokka
Aim: a quokka (moderately wounded)
You freeze the quokka.
The quokka is heavily wounded.
The quokka barely misses you.
The kobold hits you with a +0 short sword.
* * * LOW HITPOINT WARNING * * *
The kobold hits you but does no damage. The quokka bites you.
You die...
P

♣. ......
.♣.♣♣.#..# #
..♣..#..# .. .
♣♣.♣.#..# ...
♣P♣♣P...#..##....
...♣♣P...........
♣..........##..#.
♣P♣.P.rK...J....
♣P..@#...#.... .♣
♣P♣..#...# ##.
..♣♣ ♣......#.##.
..P. ♣♣†.........
...P♣♣♣..........
♣P...............
♣♣♣♣PP..##.##.##.
♣♣...<.......
♣...##.##....


You could see an endoplasm, a quokka and a kobold.

Vanquished Creatures
  2 dart slugs (D:1)
  3 bats (D:1)
  2 endoplasms (D:1)
  A giant cockroach (D:1)
  4 hobgoblins (D:1)
  3 quokkas
  2 ball pythons (D:1)
  2 rats
19 creatures vanquished.

Notes
Turn   | Place    | Note
-------+----------+-------------------------------------------
     0 | D:1      | RighteousDevil the Palentonga Ice Elementalist began the
                  | quest for the Orb.
     0 | D:1      | Reached XP level 1. HP: 13/13 MP: 3/3
   180 | D:1      | Reached skill level 1 in Fighting
   501 | D:1      | Reached XP level 2. HP: 22/22 MP: 5/5
   670 | D:1      | Reached skill level 1 in Short Blades
   924 | D:1      | Found a faded altar of an unknown god.
   938 | D:1      | Prayed at the altar of an unknown god.
   938 | D:1      | Became a worshipper of Zin the Law-Giver
   938 | D:1      | Reached * piety under Zin
  1209 | D:2      | Slain by a quokka

Illustrated notes

Levels and vault maps discovered:
D:1:      dpeg_arrival_arbitrary_a, layout_loops_ring,
          chequers_ecumenical_altar_simple_redux
D:2:      wad_woods_stonehenge, layout_basic, serial_shops,
          nicolae_shop_waterfront, corexii_shack, roderic_roman_lattice,
          minmay_worlds_worst_comb

Skill      XL: |  1  2 |
---------------+-------+-----
Fighting       | 1 |  1.9
Short Blades   | 1 |  1.4
Dodging        | |  1.5
Stealth        | |  1.2
Spellcasting   | |  2.0
Ice Magic      | |  3.2

Action                   || total
-------------------------++-------
Melee: Short sword       ||    58
       Tailslap          ||    10
       Unarmed           ||     2
       Punch             ||     1
 Cast: Freeze            ||     6
  Use: Scroll            ||     3
 Stab: Sleeping          ||     3
Armor: Robe              ||    36
Dodge: Dodged            ||    42
